 Dungeon Crawl Stone Soup version 0.27-a0-1119-gbf574a6a6b (webtiles) character file.

Game seed: 7071165222828776185

240 Zeld the Grasshopper (level 6, -10/41 HPs)
             Began as an Octopode Warper on May 3, 2021.
             Mangled by a gnoll
             ... wielding a +0 halberd
              (12 damage)
             ... on level 4 of the Dungeon.
             The game lasted 00:08:04 (5140 turns).

Zeld the Grasshopper (Octopode Warper)              Turns: 5140, Time: 00:08:06

Health: -10/41     AC:  1    Str: 12    XL:     6   Next: 8%
Magic:  1/9        EV: 13    Int: 22    God:
Gold:   152        SH:  0    Dex: 11    Spells: 2/10 levels left

rFire    . . .     SeeInvis .   d - +0 club
rCold    . . .     Faith    .   (no shield)
rNeg     . . .     Spirit   .   (helmet restricted)
rPois    .         Reflect  .   (no amulet)
rElec    .         Harm     .   l - +6 ring of intelligence
rCorr    .         Rampage  .   (no ring)
Will     .....                  (no ring)
Stlth    ++........             (no ring)
HPRegen  0.13/turn              (no ring)
MPRegen  0.11/turn              (no ring)
                                (no ring)
                                (no ring)

@: mighty, lethally poisoned (-10 -> -11), very slightly contaminated
A: almost no armour, amphibious, 8 rings, camouflage 1, gelatinous body 1,
(nimble swimmer 1), tentacles
a: no special abilities


You were on level 4 of the Dungeon.
You visited 1 branch of the dungeon, and saw 4 of its levels.

You collected 152 gold pieces.

Inventory:

Hand Weapons
 d - a +0 club (weapon)
Missiles
 a - 3 boomerangs (quivered)
 e - 75 stones
Jewellery
 l - a +6 ring of intelligence (left tentacle)
Scrolls
 b - 2 scrolls of blinking
 f - a scroll of enchant armour {unknown}
 g - a scroll of vulnerability {unknown}
 h - 3 scrolls of teleportation {unknown}
 j - 5 scrolls of noise {unknown}
 k - 2 scrolls of fog {unknown}
 m - a scroll of immolation {unknown}
 p - a scroll of identify {unknown}
 q - a scroll of holy word {unknown}
Potions
 c - a potion of curing {unknown}
 i - a potion of cancellation {unknown}
 n - a potion of might


   Skills:
 + Level 2.9 Fighting
 - Level 1.3(2.3) Slings
 * Level 2.9(3.1) Throwing
 + Level 3.1 Dodging
 - Level 2.0 Unarmed Combat
 + Level 2.6 Spellcasting
 * Level 4.2 Translocations


You had 2 spell levels left.
You knew the following spells:

 Your Spells              Type           Power      Damage    Failure   Level
a - Blink                 Tloc           N/A        N/A       3%          2
b - Gell's Gravitas       Tloc           10%        N/A       7%          3
c - Lesser Beckoning      Tloc           10%        N/A       7%          3

Your spell library contained the following spells:

 Spells                   Type           Power      Damage    Failure   Level
 Teleport Other           Tloc           21%        N/A       7%          3
 Manifold Assault         Tloc           21%        N/A       54%         5


Dungeon Overview and Level Annotations

Branches:
Dungeon (4/15)
 Temple: D:4-7

Altars:
Vehumet

Shops:
D:3 =


Innate Abilities, Weirdness & Mutations

You cannot wear most types of armour.
You are amphibious.
You can wear up to eight rings at the same time.
Your skin changes colour to match your surroundings (Stealth+).
Your rubbery body absorbs attacks. (AC +1, EV +1)
((You are camouflaged near water. (Stealth+)))
You have tentacles for arms and can constrict up to eight enemies at once.


Message History

Confirm with . or Enter, or press ? or * to list all spells.
You blink.
The gnoll closely misses you.
You throw a boomerang. The boomerang barely misses the gnoll.
The gnoll barely misses you. The gnoll completely misses you.
Casting: Blink (safe; 3% risk of failure)
Confirm with . or Enter, or press ? or * to list all spells.
You blink.
An adder comes into view.
The adder moves out of view.
There is an open door here.
The adder hisses angrily.
You closely miss the adder. Your grab misses the adder. The adder bites you.
You are poisoned.
The adder poisons you! The adder bites you.
You are too injured to fight recklessly!
Casting: Blink (safe; 3% risk of failure)
Confirm with . or Enter, or press ? or * to list all spells.
You miscast Blink.
You are very lightly contaminated with residual magic.
Nothing appears to happen.
You feel sick. The adder closely misses you.
You hit the adder. Your grab misses the adder.
The adder is lightly wounded.
You feel sick. The adder bites you. The adder completely misses you.
The gnoll hits you with a +0 club.
* * * LOW HITPOINT WARNING * * *
You hit the adder. You grab the adder.
The adder is heavily wounded.
You constrict the adder.
You feel sick. The adder misses you. The gnoll hits you with a +0 club.
* * * LOW HITPOINT WARNING * * *
The gnoll closely misses you. The adder barely misses you.
Unknown command.
Okay, then.
It was a potion of might.
You feel very mighty all of a sudden.
You constrict the adder.
* * * LOW HITPOINT WARNING * * *
You feel sick.
The gnoll hits you from afar with a +0 halberd!
You die...

...'....#..........######
...#....##'##...........#
...#######..#...........#
...#.....'..#...........#
...#....##..#...........##
...#######..#########....#
.........#.....#....#....#
.........#.....#..g.'....#
.........#.....S@gg.#....# ..
.........+.....#....#....####...
.........############...........
.....................g.........
#+#######..............g.....##
........+....................#
........#....................#
######..#....................+
.....##'#....................#


You could see 3 gnolls and an adder.

Vanquished Creatures
  A necrophage (D:4)
  An orc priest (D:4)
  5 gnolls
  2 ufetubi (D:4)
  A dart slug (D:1)
  4 orcs
  6 endoplasms
  A giant cockroach (D:1)
  5 goblins
  6 hobgoblins
  8 jackals (D:1)
  5 kobolds
  3 quokkas
  4 ball pythons
  2 bats (D:1)
  A frilled lizard (D:2)
  4 rats
59 creatures vanquished.

Notes
Turn   | Place    | Note
-------+----------+-------------------------------------------
     0 | D:1      | Zeld the Octopode Warper began the quest for the Orb.
     0 | D:1      | Reached XP level 1. HP: 14/14 MP: 3/3
   272 | D:1      | Reached XP level 2. HP: 9/19 MP: 5/5
   370 | D:1      | Learned a level 2 spell: Blink
   471 | D:1      | Found a faded altar of an unknown god.
   846 | D:1      | Reached XP level 3. HP: 12/24 MP: 6/6
  1077 | D:1      | Learned a level 3 spell: Gell's Gravitas
  1246 | D:1      | Reached skill level 1 in Slings
  1604 | D:2      | Found a radiant altar of Vehumet.
  2375 | D:3      | Reached XP level 4. HP: 30/30 MP: 7/7
  2907 | D:3      | Found Hisarat's Jewellery Emporium.
  3208 | D:3      | HP: 1/30 [orc/+0 club (1)]
  3605 | D:4      | Reached XP level 5. HP: 30/35 MP: 8/8
  4198 | D:4      | Noticed a necrophage
  4213 | D:4      | Killed a necrophage
  4214 | D:4      | Reached skill level 4 in Translocations
  4615 | D:4      | Learned a level 3 spell: Lesser Beckoning
  4624 | D:4      | Reached XP level 6. HP: 11/41 MP: 2/9
  5140 | D:4      | HP: 2/41 [poisoned by an adder]
  5140 | D:4      | Mangled by a gnoll

Illustrated notes

Levels and vault maps discovered:
D:1:      ncdulo_smallfort, layout_basic, hellmonk_ecumenical_altar_arch_garden
D:2:      layout_loops_ring, basic_altar, minmay_door_square, kennysheep_path_1,
          chequers_jeans
D:3:      layout_basic, serial_shops, shop
D:4:      layout_gridville, hex_large

Skill      XL: |  1  2  3  4  5 |
---------------+----------------+-----
Slings         | 1 |  1.3
Throwing       | 2 |  2.9
Dodging        | 3 |  3.1
Translocations | 4 |  4.2
Fighting       | |  2.9
Unarmed Combat | |  2.0
Spellcasting   | |  2.6

Action                   |  1- 3 |  4- 6 || total
-------------------------+-------+-------++-------
Melee: Unarmed           |    20 |       ||    20
       Constrict         |    19 |    13 ||    32
       Tentacles         |     8 |     3 ||    11
       Club              |    39 |    35 ||    74
Throw: Boomerang         |     5 |    14 ||    19
       Javelin           |    17 |    31 ||    48
       Stone             |     1 |    27 ||    28
 Cast: Blink             |     5 |    16 ||    21
       Lesser Beckoning  |       |     6 ||     6
  Use: Potion            |       |     1 ||     1
 Stab: Sleeping          |     4 |     1 ||     5
Armor: Skin              |     2 |     2 ||     4
Dodge: Dodged            |    39 |    53 ||    92

Table legend: (Time is in decaauts)
 A = Elapsed time spent in this place.
 B = Non-inter-level travel time spent in this place.
 C = Inter-level travel time spent in this place.
 D = Time resting spent in this place.
 E = Time spent auto-exploring this place.
 F = Levels seen in this place.
 G = Mean time per level.
                   A        B        C        D        E       F      G
               +--------+--------+--------+--------+--------+-----+--------+
         Total |   5183 |   5061 |    122 |    922 |   3562 |   4 | 1295.8 |
       Dungeon |   5183 |   5061 |    122 |    922 |   3562 |   4 | 1295.8 |
               +--------+--------+--------+--------+--------+-----+--------+

Top non-repeatable levels by time:
     D:4: 1687 daAuts
     D:1: 1497 daAuts
     D:2: 1023 daAuts
     D:3: 975 daAuts
